Map: Port Aleksander LE

Players

ShoWTimE - Winner!

  • Race: Protoss Protoss
  • League: Grandmaster
  • Spawn Location: 5:00

HateMe

  • Race: Zerg Zerg
  • Spawn Location: 11:00

Event: 2019 WCS Winter Europe

VOD

Have the link to the VOD?

Description

Time

  • Played on: Feb. 10, 2019, 9:10 a.m.
  • Length: 9:18

All games in this series

Show
View Real Time Build Order
Export as new Build Order

ShoWTimE Protoss - Winner!

Build Orders: 1 Gate Expand, Phoenix Opening 

Get SALT Encoding   

  12  0:00  Probe  
  13  0:12  Probe  
  14  0:18  Pylon  
  14  0:24  Probe  
  15  0:32  Probe  
  15  0:40  Probe  
  15  0:41  Gateway  
  16  0:48  Assimilator  
  17  0:51  Probe  
  18  1:03  Probe  
  19  1:15  Probe  
  20  1:27  Nexus  
  20  1:37  Cybernetics Core  
  20  1:40  Probe  
  21  1:48  Assimilator  
  21  1:52  Probe  
  22  1:56  Pylon  
  22  2:04  Adept  
  22  2:05  Probe  
  25  2:18  Probe  
  25  2:20  Stargate  
  26  2:25  Stalker  
  26  2:27  Warp Gate  
  26  2:30  Probe  
  26  2:35  Probe  
  29  2:42  Probe  
  29  2:43  Probe  
  32  2:53  Probe  
  32  2:54  Probe  
  32  2:57  Phoenix  
  34  3:05  Probe  
  37  3:06  Probe  
  37  3:11  Adept  
  40  3:14  Pylon  
  40  3:17  Probe  
  40  3:18  Probe  
  42  3:20  Phoenix  
  44  3:29  Probe  
  45  3:35  Probe, Gateway  
  45  3:37  Phoenix  
  46  3:41  Probe  
  46  3:47  Probe  
  50  3:52  Assimilator, Pylon  
  50  3:54  Assimilator  
  51  3:55  Probe  
  51  3:59  Probe  
  51  4:00  Phoenix  
  54  4:10  Probe  
  54  4:11  Probe, Pylon  
  56  4:17  Phoenix  
  56  4:22  Probe  
  57  4:29  Twilight Council  
  57  4:30  Gateway  
  59  4:32  Adept  
  59  4:38  Adept  
  63  4:39  Probe, Resonating Glaives  
  63  4:43  Phoenix  
  66  4:47  Probe  
  66  4:50  Pylon  
  67  5:00  Pylon  
  67  5:09  Phoenix  
  69  5:16  Nexus  
  69  5:21  Shield Battery  
  69  5:24  Adept x2  
  69  5:26  Adept  
  75  5:29  Pylon  
  75  5:31  Probe x2  
  77  5:43  Probe  
  77  5:45  Adept x2  
  77  5:46  Adept  
  84  5:54  Robotics Facility  
  84  5:56  Robotics Facility  
  84  6:03  Probe x2  
  86  6:09  Sentry  
  86  6:10  Sentry  
  90  6:12  Pylon  
  90  6:15  Probe x2  
  92  6:18  Forge  
  92  6:27  Charge, Probe x2  
  92  6:29  Probe  
  95  6:33  Immortal  
  95  6:36  Observer  
  95  6:39  Probe x2  
  97  6:41  Probe  
  97  6:43  Protoss Ground Weapons Level 1  
  99  6:51  Probe x2  
  99  6:54  Gateway  
  99  6:55  Gateway  
  98  7:01  Sentry  
  98  7:02  Immortal  
  103  7:09  Shield Battery  
  103  7:11  Shield Battery x2  
  103  7:17  Immortal  
  103  7:22  Pylon, Shield Battery  
  107  7:25  Pylon x2  
  107  7:29  Pylon  
  107  7:30  Stalker x2  
  107  7:33  Probe  
  107  7:34  Probe  
  107  7:35  Probe  
  114  7:41  Pylon  
  114  7:43  Assimilator, Pylon  
  114  7:45  Assimilator  
  114  7:47  Immortal  
  114  7:51  Immortal  
  118  7:54  Photon Cannon  
  118  7:58  Probe x2  
  124  8:11  Stalker x2  
  128  8:15  Zealot, Pylon  
  128  8:16  Zealot  
  128  8:18  Immortal  
  132  8:20  Immortal  
  136  8:33  Zealot  
  138  8:37  Zealot x2  
  136  8:44  Sentry x2  
  136  8:52  Shield Battery  
  130  8:57  Sentry  
  130  8:58  Sentry  
Show
View Real Time Build Order
Export as new Build Order

HateMe Zerg 

Build Orders: Hatch First 

Get SALT Encoding   

  12  0:00  Drone  
  13  0:13  Overlord  
  13  0:17  Drone  
  14  0:31  Drone x2  
  16  0:49  Hatchery  
  15  0:52  Drone  
  15  0:56  Drone  
  17  0:59  Drone  
  18  1:10  Extractor  
  17  1:15  Spawning Pool  
  17  1:18  Drone  
  17  1:21  Drone  
  18  1:28  Drone  
  19  1:40  Drone  
  20  1:50  Overlord  
  20  2:01  Queen  
  20  2:02  Queen  
  20  2:03  Zergling x4  
  26  2:12  Metabolic Boost  
  26  2:14  Drone  
  27  2:15  Drone  
  28  2:23  Drone x2  
  30  2:38  Hatchery  
  30  2:41  Drone  
  30  2:44  Drone  
  30  2:45  Drone  
  30  2:49  Overlord  
  32  2:54  Drone  
  32  2:55  Drone  
  34  3:01  Queen  
  36  3:09  Overlord  
  36  3:10  Drone  
  36  3:11  Drone  
  38  3:13  Drone  
  38  3:15  Drone  
  38  3:16  Drone  
  38  3:19  Drone  
  42  3:21  Drone  
  42  3:22  Drone  
  44  3:29  Spore Crawler  
  44  3:32  Drone  
  44  3:37  Queen  
  44  3:40  Overlord  
  46  3:41  Zergling x4  
  46  3:43  Zergling x2  
  49  3:52  Queen  
  49  3:53  Spore Crawler  
  50  3:55  Overlord  
  50  3:58  Drone  
  50  4:01  Drone x2  
  53  4:03  Drone  
  53  4:04  Spore Crawler, Drone  
  53  4:06  Drone  
  55  4:10  Drone  
  55  4:11  Drone  
  55  4:14  Overlord  
  55  4:15  Drone  
  58  4:17  Drone  
  58  4:18  Drone  
  58  4:20  Drone  
  58  4:21  Drone  
  62  4:26  Drone x3  
  62  4:31  Roach Warren  
  64  4:36  Lair  
  63  4:38  Extractor  
  63  4:40  Extractor  
  63  4:43  Queen  
  62  4:49  Overlord  
  62  4:50  Drone x3  
  65  4:56  Zergling x10  
  67  5:09  Queen  
  67  5:13  Drone x2  
  70  5:15  Drone x4  
  70  5:19  Queen  
  74  5:23  Overlord x2  
  74  5:28  Spore Crawler  
  74  5:30  Spore Crawler  
  74  5:34  Drone x2  
  74  5:40  Queen  
  74  5:41  Overlord  
  74  5:42  Drone x8  
  83  5:51  Drone  
  83  5:52  Drone x3  
  87  5:59  Drone  
  87  6:00  Drone x2  
  87  6:03  Drone  
  90  6:06  Glial Reconstitution, Overlord  
  90  6:09  Extractor x2  
  88  6:13  Roach  
  88  6:14  Roach  
  88  6:16  Roach x2  
  96  6:20  Roach x2  
  96  6:21  Overlord  
  98  6:25  Overlord  
  98  6:30  Roach x3  
  98  6:31  Roach  
  80  6:48  Queen  
  80  6:49  Nydus Network, Queen x2  
  80  6:51  Roach x4  
  92  7:00  Overseer  
  91  7:11  Roach x2  
  95  7:22  Overlord x2  
  94  7:27  Nydus Canal  
  94  7:38  Roach x5  
  104  7:45  Nydus Canal  
  112  7:51  Roach x4  
  112  7:54  Overlord  
  112  7:59  Nydus Canal  
  112  8:10  Overlord  
  112  8:13  Nydus Canal  
  112  8:17  Roach x5  
  122  8:26  Roach x2  
  122  8:27  Roach x2  
  130  8:36  Roach x3  
  130  8:38  Spore Crawler  
  133  8:44  Roach x2  
  133  8:48  Roach  
  133  8:53  Roach  
  133  8:54  Roach x2  
Tags
 
Add a new tag
Caveats
  • Supply blocks, unpowered buildings, or Contaminate may cause inaccurate times.
  • Supply counts are checked every 10 seconds.